 Dungeon Crawl Stone Soup version 0.24.0-123-gd5b16e6ec5 (webtiles) character file.

Game seed: 18100498358281091542, levelgen mode: deterministic

426 MoonSent the Charmwright (level 6, 0/51 HPs)
             Began as a Gnoll Skald on Jan 5, 2020.
             Shot with an arrow by a centaur (7 damage)
             ... on level 5 of the Dungeon.
             The game lasted 00:22:25 (4188 turns).

MoonSent the Charmwright (Gnoll Skald)              Turns: 4188, Time: 00:22:25

Health: 0/51       AC:  3    Str: 15    XL:     6   Next: 97%
Magic:  0/23       EV: 15    Int: 15    God:
Gold:   162        SH:  5    Dex: 20    Spells: 9/15 levels left

rFire    . . .     SeeInvis .   a - +0 falchion
rCold    + . .     Gourm    .   n - +0 buckler
rNeg     . . .     Faith    .   w - +0 leather armour {rC+}
rPois    .         Spirit   +   (no helmet)
rElec    .         Reflect  .   t - scarf {Spirit}
rCorr    .         Harm     .   (no gloves)
MR       .....                  (no boots)
Stlth    ++........             (no amulet)
HPRegen  0.17/turn              o - +5 ring of dexterity
MPRegen  0.18/turn              x - ring of magical power

@: no status effects
A: distributed training, fangs 1, strong nose
a: no special abilities


You were on level 5 of the Dungeon.
You were not hungry.

You visited 1 branch of the dungeon, and saw 5 of its levels.

You collected 162 gold pieces.

Inventory:

Hand Weapons
 a - a +0 falchion (weapon)
 v - a +1 vampiric short sword
Armour
 b - a +0 leather armour
 f - a +0 scale mail
 n - a +0 buckler (worn)
 t - a scarf of spirit shield (worn)
 w - a +0 leather armour of cold resistance (worn)
Jewellery
 o - a +5 ring of dexterity (left hand)
 r - a +3 ring of evasion
 x - a ring of magical power (right hand)
Wands
 q - a wand of random effects (24)
 y - a wand of digging (6)
Scrolls
 c - 6 scrolls of identify {unknown}
 g - 2 scrolls of random uselessness {unknown}
 h - 3 scrolls of enchant armour {unknown}
 i - a scroll of immolation {unknown}
 l - 2 scrolls of teleportation {unknown}
 u - a scroll of noise {unknown}
 A - a scroll of fog {unknown}
 B - a scroll of remove curse {unknown}
Potions
 e - 2 potions of resistance {unknown}
 j - a potion of flight {unknown}
 k - a potion of agility {unknown}
 m - a potion of degeneration {unknown}
 p - 2 potions of heal wounds {unknown}
 s - 2 potions of curing {unknown}
 z - a potion of magic {unknown}
 C - a potion of cancellation {unknown}
Comestibles
 d - 7 rations


   Skills:
 + Level 5.0 Fighting
 + Level 2.1 Short Blades
 + Level 5.0 Long Blades
 + Level 2.1 Axes
 + Level 2.1 Maces & Flails
 + Level 2.1 Polearms
 + Level 2.1 Staves
 + Level 2.1 Slings
 + Level 2.1 Bows
 + Level 2.1 Crossbows
 + Level 2.1 Throwing
 + Level 3.3 Armour
 + Level 5.0 Dodging
 + Level 2.1 Stealth
 + Level 2.1 Shields
 + Level 2.1 Unarmed Combat
 + Level 5.4 Spellcasting
 + Level 1.7 Conjurations
 + Level 1.7 Hexes
 + Level 5.7 Charms
 + Level 1.7 Summonings
 + Level 1.7 Necromancy
 + Level 1.7 Translocations
 + Level 1.7 Transmutations
 + Level 1.7 Fire Magic
 + Level 1.7 Ice Magic
 + Level 1.7 Air Magic
 + Level 1.7 Earth Magic
 + Level 1.7 Poison Magic
 + Level 2.3 Invocations
 + Level 2.1 Evocations


You had 9 spell levels left.
You knew the following spells:

 Your Spells              Type           Power        Failure   Level  Hunger
a - Infusion              Chrm           ###.         2%          1    None
b - Shroud of Golubria    Chrm/Tloc      ###...       8%          2    #......
c - Spectral Weapon       Hex/Chrm       ###.....     16%         3    ###....

Your spell library contained the following spells:

 Spells                   Type           Power        Failure   Level  Hunger
 Song of Slaying          Chrm           ###.....     3%          2    #......
 Regeneration             Chrm/Necr      ###.......   16%         3    ###....


Dungeon Overview and Level Annotations

Branches:
Dungeon (5/15)
 Temple: D:4-7

Altars:
Ashenzari
Elyvilon
Qazlal
Uskayaw
Zin

Shops:
D:4 *((


Innate Abilities, Weirdness & Mutations

Your experience applies equally to all skills.
You have very sharp teeth.
Your uncanny sense of smell can sniff out nearby items.


Message History

The frilled lizard hisses angrily.
The centaur unwields a +1 shortbow of freezing.
You block the centaur's attack. The centaur barely misses you.
You riposte.
You hit the centaur.
The centaur is moderately wounded.
Items here: ( )))))) [ †††† You hit the centaur.
The centaur is moderately wounded.
The orc wizard hits you with a +0 dagger.
* * * LOW HITPOINT WARNING * * *
The centaur barely misses you.
You riposte.
You hit the centaur.
The centaur is heavily wounded.
You slash the centaur!
The centaur is severely wounded.
The centaur barely misses you. You block the orc wizard's attack.
The centaur closely misses you. The orc wizard closely misses you.
You are no longer magically infusing your attacks.
The centaur wields a +1 shortbow of freezing.
It is covered in frost.
The centaur shoots an arrow.
The arrow hits you!
You die...

..#....##
......<
......
..... ...#
.o#######
#co.....# #
#)# #.#@#
#.#.##
#....#
###..# #..#
#(.#
#.######..#
∆
......)...#
##
.#####.###
#.


You could see a centaur, an orc wizard and an orc.

Vanquished Creatures
  A gnoll shaman (D:5)
  Ijyb (D:4)
  2 iguanas (D:4)
  3 worker ants (D:4)
  9 gnolls
  8 adders
  2 worms
  2 dart slugs (D:1)
  2 leopard geckos (D:3)
  5 orcs
  6 bats
  2 giant cockroaches (D:1)
  9 goblins
  11 hobgoblins
  4 jackals
  6 kobolds
  2 quokkas
  6 frilled lizards
  A quokka skeleton (D:4)
  5 rats
87 creatures vanquished.

Notes
Turn   | Place    | Note
-------+----------+-------------------------------------------
     0 | D:1      | MoonSent the Gnoll Skald began the quest for the Orb.
     0 | D:1      | Reached XP level 1. HP: 20/20 MP: 6/6
   124 | D:1      | Reached XP level 2. HP: 22/26 MP: 7/7
   350 | D:1      | Reached XP level 3. HP: 28/31 MP: 9/9
   474 | D:1      | Reached skill level 5 in Spellcasting
   772 | D:2      | Found a hide-covered altar of Uskayaw.
   867 | D:2      | Reached skill level 1 in Invocations
  1036 | D:2      | Found a stormy altar of Qazlal.
  1080 | D:2      | Reached skill level 1 in Short Blades
  1080 | D:2      | Reached skill level 1 in Axes
  1080 | D:2      | Reached skill level 1 in Maces & Flails
  1080 | D:2      | Reached skill level 1 in Polearms
  1080 | D:2      | Reached skill level 1 in Staves
  1080 | D:2      | Reached skill level 1 in Slings
  1080 | D:2      | Reached skill level 1 in Bows
  1080 | D:2      | Reached skill level 1 in Crossbows
  1080 | D:2      | Reached skill level 1 in Throwing
  1080 | D:2      | Reached skill level 1 in Stealth
  1080 | D:2      | Reached skill level 1 in Shields
  1080 | D:2      | Reached skill level 1 in Unarmed Combat
  1080 | D:2      | Reached skill level 1 in Evocations
  1196 | D:2      | Found a shattered altar of Ashenzari.
  1316 | D:2      | Reached XP level 4. HP: 37/38 MP: 11/11
  1900 | D:3      | Learned a level 2 spell: Shroud of Golubria
  1981 | D:3      | Found a glowing silver altar of Zin.
  2175 | D:3      | Reached skill level 1 in Conjurations
  2175 | D:3      | Reached skill level 1 in Hexes
  2175 | D:3      | Reached skill level 1 in Summonings
  2175 | D:3      | Reached skill level 1 in Necromancy
  2175 | D:3      | Reached skill level 1 in Translocations
  2175 | D:3      | Reached skill level 1 in Transmutations
  2175 | D:3      | Reached skill level 1 in Fire Magic
  2175 | D:3      | Reached skill level 1 in Ice Magic
  2175 | D:3      | Reached skill level 1 in Air Magic
  2175 | D:3      | Reached skill level 1 in Earth Magic
  2175 | D:3      | Reached skill level 1 in Poison Magic
  2639 | D:4      | Reached XP level 5. HP: 43/43 MP: 12/12
  2644 | D:4      | Learned a level 3 spell: Spectral Weapon
  2648 | D:4      | Noticed Ijyb
  2652 | D:4      | Found Waforiac's Antique Weapon Shoppe.
  2695 | D:4      | Killed Ijyb
  2705 | D:4      | HP: 2/43 [poisoned by a worker ant]
  3060 | D:4      | Found a white marble altar of Elyvilon.
  3104 | D:4      | Found Mumemp's General Store.
  3124 | D:4      | Found Oreshumog's Antique Weapon Shoppe.
  3140 | D:4      | Reached XP level 6. HP: 7/50 MP: 7/13
  3157 | D:4      | HP: 2/50 [poisoned by a worker ant]
  3165 | D:4      | HP: 2/50 [poisoned by a worker ant]
  3535 | D:4      | Reached skill level 5 in Fighting
  3535 | D:4      | Reached skill level 5 in Long Blades
  3535 | D:4      | Reached skill level 5 in Dodging
  4057 | D:5      | Entered Level 5 of the Dungeon
  4188 | D:5      | Shot with an arrow by a centaur

Levels and vault maps discovered:
D:1:      dpeg_arrival_central, layout_loops_ring
D:2:      layout_loops_corners, overflow_temple_1_default,
          eat_drink_and_be_merry_uskayaw, overflow_temple_1_default
D:3:      layout_loops_corners, marbit_many_paths, first_ration
D:4:      layout_cave_pools, elyvilon_altar_3, serial_shops, shop, shop, shop,
          uniq_ijyb
D:5:      layout_loops_ring, minmay_temple_entry_enclosed_plants,
          chequers_serial_rivers_large_b, uniq_grinder

Skill      XL: |  1  2  3  4  5  6 |
---------------+-------------------+-----
Spellcasting   | 5 |  5.4
Invocations    | 1 2 |  2.3
Short Blades   | 1 2 |  2.1
Axes           | 1 2 |  2.1
Maces & Flails | 1 2 |  2.1
Polearms       | 1 2 |  2.1
Staves         | 1 2 |  2.1
Slings         | 1 2 |  2.1
Bows           | 1 2 |  2.1
Crossbows      | 1 2 |  2.1
Throwing       | 1 2 |  2.1
Stealth        | 1 2 |  2.1
Shields        | 1 2 |  2.1
Unarmed Combat | 1 2 |  2.1
Evocations     | 1 2 |  2.1
Conjurations   | 1 |  1.7
Hexes          | 1 |  1.7
Summonings     | 1 |  1.7
Necromancy     | 1 |  1.7
Translocations | 1 |  1.7
Transmutations | 1 |  1.7
Fire Magic     | 1 |  1.7
Ice Magic      | 1 |  1.7
Air Magic      | 1 |  1.7
Earth Magic    | 1 |  1.7
Poison Magic   | 1 |  1.7
Armour         | 3 |  3.3
Fighting       | 5 |  5.0
Long Blades    | 5 |  5.0
Dodging        | 5 |  5.0
Charms         | |  5.7

Action                   |  1- 3 |  4- 6 || total
-------------------------+-------+-------++-------
Melee: Falchion          |    84 |   236 ||   320
       Bite              |    10 |    42 ||    52
       Short sword       |       |    10 ||    10
 Cast: Infusion          |     1 |     2 ||     3
       Spectral Weapon   |       |     2 ||     2
 Stab: Sleeping          |       |     2 ||     2
  Eat: Ration            |     1 |     3 ||     4
Armor: Scale mail        |    30 |    18 ||    48
       Leather armour    |     1 |    24 ||    25
Dodge: Dodged            |    60 |   153 ||   213
Block: Buckler           |     2 |    49 ||    51
       Rpst.: Falchion   |    21 |    42 ||    63
